 Dungeon Crawl Stone Soup version 0.26.1-2-gb8aa6d0cf2 (webtiles) character file.

Game seed: 8024542718661658320

26497 vatarom the Grappler (level 12, -14/107 HPs)
             Began as a White Draconian Transmuter on Feb 18, 2021.
             Was a Priest of Cheibriados.
             Demolished by Frances
             ... wielding a +3 dire flail of protection
              (25 damage)
             ... on level 12 of the Dungeon on Feb 19, 2021.
             The game lasted 00:33:12 (17595 turns).

vatarom the Grappler (White Draconian Transmuter)  Turns: 17595, Time: 00:33:13

Health: -14/107    AC: 10    Str: 21      XL:     12   Next: 98%
Magic:  16/19      EV: 23    Int: 23      God:    Cheibriados [***...]
Gold:   1831       SH:  0    Dex: 20 (22) Spells: 8/21 levels left

rFire    + . .     SeeInvis +     - Unarmed
rCold    + . .     Faith    .   (shield currently unavailable)
rNeg     . . .     Spirit   .   (armour unavailable)
rPois    .         Reflect  .   F - +2 hat
rElec    .         Harm     .   z - scarf {+Inv}
rCorr    .         Rampage  .   (gloves currently unavailable)
Will     .....                  (no boots)
Stlth    ++........             I - amulet of regeneration
HPRegen  0.67/turn              i - ring of see invisible
MPRegen  0.16/turn              v - +4 ring of evasion

@: blade hands, very slow
A: breathe frost, unfitting armour, agile 1, cold resistance 1, deterioration 1,
fire resistance 1, evolution 1, cold-blooded, AC +8
a: Breathe Frost, End Transformation, Renounce Religion, Evoke Invisibility,
Bend Time, Temporal Distortion


You were on level 12 of the Dungeon.
You worshipped Cheibriados.
Cheibriados was most pleased with you.
You had blades for hands.
You visited 2 branches of the dungeon, and saw 15 of its levels.
You also visited: Bailey.

You collected 1831 gold pieces.

Inventory:

Missiles
 k - 96 poisoned darts
 p - 14 throwing nets {!f}
 t - 7 boomerangs
 H - 4 boomerangs of dispersal
Armour
 b - a +1 cloak
 z - a scarf of invisibility (worn)
 E - the +2 buckler of the Six Wonders (melded) {rElec}
   (You found it on level 13 of the Dungeon)

   It insulates you from electricity.
 F - a +2 hat (worn)
 P - a cursed +0 pair of gloves (melded)
Jewellery
 c - an uncursed ring of protection from cold
 i - a ring of see invisible (left scythe-like blade)
 n - an uncursed ring of positive energy
 o - an uncursed ring of poison resistance
 v - a +4 ring of evasion (right scythe-like blade)
 w - an uncursed ring of wizardry
 I - an amulet of regeneration (around neck)
Wands
 x - a wand of flame (74)
 y - a wand of acid (6) {@v2}
 C - a wand of polymorph (11)
 D - a wand of digging (5) {@v1}
 J - a wand of paralysis (6)
 K - a wand of enslavement (8)
 L - a wand of disintegration (8)
Scrolls
 d - 6 scrolls of amnesia
 g - 5 scrolls of magic mapping
 h - 14 scrolls of remove curse {@r2}
 m - 9 scrolls of identify {@r1}
 q - a scroll of enchant weapon
 r - 11 scrolls of teleportation {@r3}
 s - 3 scrolls of random uselessness
 G - 4 scrolls of enchant armour
 M - a scroll of silence
Potions
 a - 4 potions of heal wounds {unknown}
 e - 2 potions of brilliance {@q6}
 f - a potion of haste {@q3}
 j - 3 potions of lignification
 u - a potion of ambrosia
 A - a potion of magic
 B - 2 potions of resistance
 N - 2 potions of might {unknown}
 O - a potion of flight {unknown}


   Skills:
 + Level 10.5 Fighting
 * Level 8.2 Dodging
 + Level 3.8 Shields
 + Level 11.0 Unarmed Combat
 - Level 5.2 Spellcasting
 + Level 10.2 Transmutations
 - Level 2.0 Ice Magic
 - Level 2.7 Poison Magic
 + Level 8.4 Invocations


You had 8 spell levels left.
You knew the following spells:

 Your Spells              Type           Power        Failure   Level
a - Beastly Appendage     Tmut           100%         8%          1
b - Spider Form           Tmut/Pois      18%          21%         3
c - Ice Form              Ice/Tmut       34%          41%         4
d - Blade Hands           Tmut           26%          28%         5

Your spell library contained the following spells:

 Spells                   Type           Power        Failure   Level
 Wereblood                Tmut           52%          9%          2
 Passwall                 Tmut/Erth      24%          19%         2
 Animate Skeleton         Necr           10%          45%         1
 Apportation              Tloc           10%          45%         1
 Corona                   Hex            5%           45%         1
 Magic Dart               Conj           20%          45%         1
 Sandblast                Erth           10%          45%         1
 Shock                    Conj/Air       20%          45%         1
 Summon Small Mammal      Summ           20%          45%         1
 Petrify                  Tmut/Erth      29%          47%         4
 Blink                    Tloc           N/A          54%         2
 Call Imp                 Summ           5%           54%         2
 Slow                     Hex            5%           54%         2
 Swiftness                Air            5%           54%         2
 Mephitic Cloud           Conj/Pois/Air  10%          61%         3
 Conjure Flame            Conj/Fire      5%           71%         3
 Gell's Gravitas          Tloc           2%           71%         3
 Lesser Beckoning         Tloc           2%           71%         3
 Static Discharge         Conj/Air       5%           71%         3
 Stone Arrow              Conj/Erth      10%          71%         3
 Teleport Other           Tloc           5%           71%         3
 Airstrike                Air            2%           95%         4
 Passage of Golubria      Tloc           N/A          95%         4
 Lee's Rapid Deconstruct  Erth           2%           99%         5
 Lightning Bolt           Conj/Air       2%           99%         5


Dungeon Overview and Level Annotations

Branches:
Dungeon (14/15)            Temple (1/1) D:6            Lair (0/6) D:10
    Orc (0/2) D:11         Bailey (visited)
 Vaults: D:13-14

Altars:
Ashenzari
Cheibriados
Dithmenos
Elyvilon
Fedhas
Gozag
Hepliaklqana
Kikubaaqudgha
Makhleb
Nemelex Xobeh
Okawaru
Qazlal
Ru
Sif Muna
Trog
Uskayaw
Vehumet
Wu Jian
Xom
Yredelemnul
Zin
The Shining One

Portals:
Trove: D:14 (lose all piety)

Annotations:
D:9 1 runed translucent door, snilsmaster's ghost, novice GnFi
D:12 Frances; Sonja
D:13 2 exclusions


Innate Abilities, Weirdness & Mutations

You can breathe waves of freezing cold.
You can buffet flying creatures when you breathe cold.
Your icy white scales are hard. (AC +8)
You cannot fit into any form of body armour.
Your flesh is cold resistant. (rC+)
You are cold-blooded and may be slowed by cold attacks.
You are agile. (Dex +2)
Your body sometimes deteriorates upon taking damage.
Your flesh is heat resistant. (rF+)
You evolve.


Message History

You feel sick.
Frances mutters in a terrible tongue.
The shard of ice misses you.
Frances chants phrases taken from a devil's mouth.
The iron shot hits you!!!
* * * LOW HITPOINT WARNING * * *
Your body deteriorates!
You feel clumsy. The orange demon stings you from afar.
* * * LOW HITPOINT WARNING * * *
You hit Frances but do no damage.
You tail-slap Frances, but do no damage.
Frances is almost dead.
You feel sick. Frances completely misses you.
Okay, then.
You feel better. The orange demon completely misses you.
Frances hits you with a +3 dire flail of protection!
* * * LOW HITPOINT WARNING * * *
You feel better.
Frances hits you with a +3 dire flail of protection!!
You die...

.........#########
#######..# #..# #..#
#..# #).#
#############((#########
.....4....).............
......@@.)..............
....?.........).########
##############..# #..#
#..# #..# #..# #..#
#..########


You could see Frances (fast) and an orange demon (summoned).

Vanquished Creatures
  Rupert (D:12)
  Josephine (D:13)
  Harold (D:7)
  A centaur warrior (D:13)
  A boulder beetle (D:11)
  An ogre mage (D:12)
  4 two-headed ogres (D:12)
  4 skeletal warriors
  4 unseen horrors
  2 ugly things
  A cyclops (D:12)
  Psyche (D:9)
  A kobold demonologist (D:14)
  3 trolls
  A tengu conjurer (D:14)
  Grinder (D:3)
  5 slime creatures (D:14)
  A vampire (D:10)
  2 shadows
  A water elemental (D:14)
  6 wraiths
  10 yaks
  A steam dragon (D:9)
  2 wargs (D:10)
  A soldier ant (shapeshifter) (D:13)
  2 acid dragons (D:14)
  A water moccasin (D:10)
  6 orc warriors
  2 phantoms (D:9)
  An eye of draining (D:13)
  3 ice beasts
  2 sky beasts
  2 centaurs
  12 ogres
  Blork the orc (D:6)
  A big kobold (D:11)
  4 bullfrogs
  7 gnoll sergeants (Bailey)
  2 scorpions
  5 wights (D:11)
  A howler monkey (D:4)
  4 jellies
  2 centaur zombies
  A quasit (D:5)
  A bullfrog zombie (D:5)
  13 hounds
  6 gnoll shamans (Bailey)
  4 bullfrog skeletons
  14 orc priests
  2 centaur skeletons
  5 iguanas
  8 orc wizards
  10 worker ants
  A killer bee zombie (D:3)
  2 hound zombies
  19 gnolls
  10 adders
  2 shadow imps
  3 white imps
  An ufetubus (D:6)
  2 adder skeletons
  2 worms
  7 dart slugs
  5 leopard geckos
  63 orcs
  6 bats
  5 giant cockroaches
  10 goblins
  7 hobgoblins
  9 jackals
  A quokka (D:3)
  A ball python (D:5)
  6 frilled lizards
  14 kobolds
  8 rats
363 creatures vanquished.

Vanquished Creatures (others)
  A white imp (D:9)
1 creature vanquished.

Grand Total: 364 creatures vanquished

Notes
Turn   | Place    | Note
-------+----------+-------------------------------------------
     0 | D:1      | vatarom the Draconian Transmuter began the quest for the
                  | Orb.
     0 | D:1      | Reached XP level 1. HP: 16/16 MP: 3/3
   370 | D:1      | Reached XP level 2. HP: 22/23 MP: 5/5
  1142 | D:2      | Found a hazy altar of Hepliaklqana.
  1163 | D:2      | Reached XP level 3. HP: 17/28 MP: 4/6
  1485 | D:2      | Reached skill level 4 in Unarmed Combat
  1769 | D:2      | Learned a level 3 spell: Spider Form
  2456 | D:3      | Reached XP level 4. HP: 35/35 MP: 7/7
  2492 | D:3      | Reached skill level 1 in Poison Magic
  2525 | D:3      | Noticed Grinder
  2541 | D:3      | Paralysed by Grinder for 3 turns
  2558 | D:3      | Paralysed by Grinder for 3 turns
  2563 | D:3      | Killed Grinder
  2564 | D:3      | Reached skill level 5 in Unarmed Combat
  2564 | D:3      | Reached XP level 5. HP: 17/40 MP: 8/8
  2564 | D:3      | Reached XP level 6. HP: 20/47 MP: 9/9
  3686 | D:4      | Reached skill level 6 in Unarmed Combat
  3807 | D:4      | Your scales start taking on an icy white colour.
  3807 | D:4      | Reached XP level 7. HP: 43/52 MP: 7/10
  3807 | D:4      | Gained mutation: Your flesh is cold resistant. (rC+) [White
                  | Draconian growth]
  3895 | D:4      | Gained mutation: You tend to lose your temper in combat.
                  | [potion of mutation]
  3895 | D:4      | Gained mutation: Your large and strong wings let you fly
                  | indefinitely. [potion of mutation]
  4339 | D:4      | Found a hide-covered altar of Uskayaw.
  4339 | D:4      | Found a bloodstained altar of Trog.
  4340 | D:4      | Found a stormy altar of Qazlal.
  4623 | D:4      | Reached skill level 7 in Unarmed Combat
  5205 | D:5      | Entered Level 5 of the Dungeon
  5314 | D:5      | Reached skill level 5 in Transmutations
  5329 | D:5      | Lost mutation: You tend to lose your temper in combat.
                  | [potion of mutation]
  5329 | D:5      | Lost mutation: Your large and strong wings let you fly
                  | indefinitely. [potion of mutation]
  5329 | D:5      | Gained mutation: You evolve. [potion of mutation]
  5329 | D:5      | Gained mutation: You have large cloven feet. [potion of
                  | mutation]
  5461 | D:5      | Learned a level 4 spell: Ice Form
  5856 | D:6      | Reached XP level 8. HP: 56/60 MP: 7/11
  5901 | D:6      | Reached skill level 1 in Ice Magic
  6061 | D:6      | Noticed Blork the orc
  6111 | D:6      | Killed Blork the orc
  6310 | D:6      | Found a staircase to the Ecumenical Temple.
  6330 | Temple   | Entered the Ecumenical Temple
  6435 | Temple   | Became a worshipper of Cheibriados the Contemplative
  6917 | D:7      | Reached skill level 1 in Invocations
  6966 | D:7      | Reached skill level 8 in Unarmed Combat
  7038 | D:7      | Noticed Harold
  7058 | D:7      | Killed Harold
  7059 | D:7      | Reached skill level 5 in Fighting
  7059 | D:7      | Reached XP level 9. HP: 34/74 MP: 3/12
  7064 | D:7      | Lost mutation: You have large cloven feet. [evolution]
  7387 | D:7      | Reached * piety under Cheibriados
  7621 | D:7      | Found a bloodstained altar of Trog.
  7870 | D:7      | Found a basalt altar of Yredelemnul.
  7878 | D:7      | Found a sacrificial altar of Ru.
  7878 | D:7      | Found a shadowy altar of Dithmenos.
  8110 | D:8      | Found a shadowy altar of Dithmenos.
  8176 | D:8      | Got a transparent whip
  8177 | D:8      | Identified the +5 whip of Egomania {protect, Str+6} (You
                  | found it on level 8 of the Dungeon)
  8512 | D:8      | Found a flagged portal.
  8532 | D:8      | Reached ** piety under Cheibriados
  8556 | Bailey   | Entered a bailey
 10048 | D:9      | Found a runed translucent door.
 10048 | D:9      | Noticed snilsmaster's ghost (novice GnFi)
 10163 | D:9      | Reached XP level 10. HP: 82/86 MP: 15/15
 10171 | D:9      | Noticed Psyche
 10182 | D:9      | Killed Psyche
 10460 | D:9      | Reached skill level 9 in Unarmed Combat
 10484 | D:9      | Reached *** piety under Cheibriados
 10988 | D:9      | Found a glowing golden altar of the Shining One.
 11086 | D:9      | Reached skill level 5 in Spellcasting
 11086 | D:9      | Reached skill level 5 in Invocations
 11384 | D:9      | Learned a level 5 spell: Blade Hands
 11879 | D:9      | Found a blossoming altar of Fedhas.
 12224 | D:10     | Entered Level 10 of the Dungeon
 12411 | D:10     | Found a staircase to the Lair.
 12668 | D:10     | Reached **** piety under Cheibriados
 12774 | D:10     | Noticed an unseen horror
 12780 | D:10     | Killed an unseen horror
 12984 | D:10     | Reached XP level 11. HP: 95/95 MP: 12/18
 13669 | D:11     | Noticed an unseen horror
 13674 | D:11     | Killed an unseen horror
 13836 | D:11     | Found a staircase to the Orcish Mines.
 14220 | D:11     | Noticed a boulder beetle
 14230 | D:11     | Killed a boulder beetle
 14293 | D:11     | Noticed a green ugly thing
 14299 | D:11     | Killed a green ugly thing
 14387 | D:11     | You fall into a shaft and drop 3 floors!
 14548 | D:14     | Found a portal to a secret trove of treasure.
 14655 | D:14     | Gained mutation: Your body sometimes deteriorates upon
                  | taking damage. [a neqoxec]
 14658 | D:14     | Gained mutation: You are dopey. (Int -2) [a neqoxec]
 14662 | D:14     | Gained mutation: Your body often deteriorates upon taking
                  | damage. [a neqoxec]
 14673 | D:14     | Reached skill level 5 in Dodging
 14676 | D:14     | Noticed a soul eater
 14677 | D:14     | Reached skill level 10 in Unarmed Combat
 14910 | D:14     | Noticed an orc knight
 15222 | D:14     | Noticed an unseen horror
 15225 | D:14     | Killed an unseen horror
 15272 | D:14     | Noticed an unseen horror
 15281 | D:14     | Killed an unseen horror
 15358 | D:14     | Noticed a vault guard
 15523 | D:13     | Noticed a brown ugly thing
 15530 | D:13     | Killed a brown ugly thing
 15545 | D:13     | Got a jewelled buckler
 15551 | D:13     | Identified the +2 buckler of the Six Wonders {rElec} (You
                  | found it on level 13 of the Dungeon)
 15559 | D:12     | Noticed a skeletal warrior
 15559 | D:12     | Noticed a skeletal warrior
 15559 | D:12     | Noticed a skeletal warrior
 15559 | D:12     | Noticed a skeletal warrior
 15568 | D:13     | Killed a skeletal warrior
 15569 | D:13     | Reached XP level 12. HP: 79/106 MP: 7/19
 15710 | D:13     | Reached skill level 1 in Shields
 15930 | D:13     | Noticed Josephine
 15987 | D:13     | Killed Josephine
 16098 | D:14     | Lost mutation: You are dopey. (Int -2) [potion of mutation]
 16098 | D:14     | Lost mutation: Your body often deteriorates upon taking
                  | damage. [potion of mutation]
 16098 | D:14     | Gained mutation: Your flesh is heat resistant. (rF+)
                  | [potion of mutation]
 16132 | D:12     | Noticed Sonja
 16136 | D:12     | Noticed a two-headed ogre
 16313 | D:13     | Reached skill level 10 in Fighting
 16408 | D:13     | Noticed a centaur warrior
 16415 | D:13     | Killed a centaur warrior
 16494 | D:13     | Gained mutation: You are agile. (Dex +2) [evolution]
 16654 | D:13     | Noticed a six-headed hydra
 16803 | D:12     | Noticed Rupert
 17060 | D:12     | Paralysed by Rupert for 2 turns
 17063 | D:12     | Killed Rupert
 17064 | D:12     | Reached skill level 10 in Transmutations
 17127 | D:12     | Killed a two-headed ogre
 17279 | D:12     | Identified the +4 flail "Oduilam" {vorpal, rElec rC+ Dex-5
                  | SInv}
 17279 | D:12     | Noticed an ogre mage
 17281 | D:12     | Noticed a two-headed ogre
 17281 | D:12     | Noticed a two-headed ogre
 17281 | D:12     | Noticed a two-headed ogre
 17286 | D:12     | Killed an ogre mage
 17463 | D:12     | Noticed a two-headed ogre
 17473 | D:12     | Killed a two-headed ogre
 17474 | D:12     | Reached skill level 11 in Unarmed Combat
 17574 | D:12     | Killed a two-headed ogre
 17580 | D:12     | Killed a two-headed ogre
 17583 | D:12     | Noticed Frances
 17594 | D:12     | HP: 4/107 [Frances/+3 dire flail of protection (17)]
 17595 | D:12     | Demolished by Frances

Illustrated notes

Levels and vault maps discovered:
D:1:      elethiomel_arrival_quiet, layout_loops_ring
D:2:      layout_loops_corners, overflow_temple_1_default
D:3:      layout_loops_cross, moated_statue, minmay_misc_feat_encased,
          uniq_grinder
D:4:      layout_cave_pods, chequers_temple_overflow_statue_of_worship,
          kennysheep_crisscross
D:5:      layout_rooms
D:6:      layout_rooms, minmay_temple_entry_stoned_glass, uniq_blork_the_orc
D:7:      layout_basic, grunt_temple_overflow_open, basic_altar, minivault_24,
          uniq_harold
D:8:      layout_cave_pools, enter_bailey_7, nicolae_dithmenos_shadow_blocks
D:9:      layout_basic, nicolae_overflow_hidden_temple,
          nicolae_overflow_crystal_walls, hellmonk_ghost_happy_afterlife,
          minivault_10, bh_walls_and_bars, uniq_psyche
D:10:     layout_grid_maze, erik_lair_orcish_takeover, kennysheep_generic_room_4
D:11:     layout_roguey, orc_0_dummy, minmay_unpleasant_kobolds
D:12:     layout_long_grid, uniq_rupert, uniq_frances, uniq_sonja
D:13:     layout_cave_pods, serial_column_ruins, column_ruins_square_small,
          column_ruins_circle_medium, column_ruins_open_medium,
          column_ruins_columns_corner, column_ruins_grid_1,
          column_ruins_open_small, uniq_josephine
D:14:     lemuel_ice_spiral_2, layout_basic, grunt_vaults_entry_fortified,
          minivault_14, enter_trove_0
Temple:   cyrus_circular_temple

Skill      XL: |  1  2  3  4  5  6  7  8  9 10 11 12 |
---------------+-------------------------------------+-----
Unarmed Combat | 4 5 6 7 8 9 10 11 | 11.0
Transmutations | 3 4 5 7 8 9 10 | 10.2
Poison Magic   | 2 |  2.7
Fighting       | 5 7 8 9 10 | 10.5
Ice Magic      | 2 |  2.0
Invocations    | 2 4 5 7 8 |  8.4
Spellcasting   | 3 5 |  5.2
Dodging        | 3 6 8 |  8.2
Shields        | 3 |  3.8

Action                   |  1- 3 |  4- 6 |  7- 9 | 10-12 || total
-------------------------+-------+-------+-------+-------++-------
Melee: Unarmed           |     8 |    24 |   195 |   386 ||   613
       Dagger            |   120 |    84 |   198 |       ||   402
       Tailslap          |    13 |     6 |    32 |    62 ||   113
       Kick              |     9 |     2 |    53 |     7 ||    71
       Headbutt          |     4 |     1 |    21 |     6 ||    32
       Punch             |       |     1 |    14 |    17 ||    32
 Cast: Beastly Appendage |    15 |     4 |    16 |     3 ||    38
       Spider Form       |       |     4 |    12 |       ||    16
       Ice Form          |       |       |     5 |     8 ||    13
       Blade Hands       |       |       |       |    59 ||    59
Invok: Bend Time         |       |       |     4 |     2 ||     6
       Temporal Distorti |       |       |       |    10 ||    10
       Slouch            |       |       |       |     3 ||     3
 Abil: Breathe Frost     |       |       |     7 |     2 ||     9
       End Transformatio |       |       |     2 |       ||     2
       Fly               |       |       |     1 |       ||     1
Evoke: Wand              |       |       |    15 |     5 ||    20
  Use: Scroll            |       |     5 |    14 |     4 ||    23
       Potion            |       |     1 |     8 |     4 ||    13
 Stab: Sleeping          |     1 |       |     1 |       ||     2
Armor: Skin              |    29 |    31 |    86 |    57 ||   203
Dodge: Dodged            |    94 |    55 |   346 |   299 ||   794
Block: Buckler           |       |       |       |     7 ||     7
